AoeStats
← [H A R D] FEELINGS

Black Forest

505056130Analyzed
4v4 RM · 24d ago on Sep 7, 2026· 36m 23s· 8 players
Game mode
Random Map
Map size
Large (8 player)
Population
200
Speed
Normal
Resources
Standard
Victory
Conquest
Starting age
Dark Age
Ending age
Imperial Age
RankedLock teamsTeams togetherTeam positionsShared explorationLock speedFull tech treeHidden civsTurbo modeCheats
Victory
Defeat
🇨🇭 Romans · Switzerland
1151
+15
🇦🇷 Huns · Argentina
1141
+15
🇦🇷 Celts · Argentina
1120
+16
🇨🇭 Bohemians · Switzerland
1098
+17
🇨🇭 Japanese · Switzerland
1171
-17
🇨🇭 Hindustanis · Switzerland
1138
-16
🇨🇭 Britons · Switzerland
1101
-15
🇨🇭 Bohemians · Switzerland
1097
-15
René
10:27 Feudal Age
8:42 Loom
12:44 Double-Bit Axe
15:37 Castle Age
21:49 Bow Saw
23:21 Wheelbarrow
22:41 Horse Collar
29:30 Imperial Age
29:08 Chemistry
29:01 Pikeman
29:42 Squires
29:27 Arson
29:57 Forging
29:48 Scale Mail Armor
30:10 Houfnice
31:18 Halberdier
32:36 Iron Casting
32:16 Chain Mail Armor
36:33 Blast Furnace
36:03 Plate Mail Armor
Fencer_Khan
3:27 Loom
11:56 Feudal Age
18:05 Castle Age
16:22 Horse Collar
16:52 Double-Bit Axe
17:51 Gold Mining
19:11 Bow Saw
27:11 Wheelbarrow
29:44 Heavy Plow
30:50 Ballistics
35:26 Imperial Age
32:20 Pikeman
33:09 Scale Mail Armor
34:29 Hand Cart
35:22 Chain Mail Armor
35:25 Forging
35:29 Town Watch
35:51 Caravan
36:12 Fortified Wall
35:40 Halberdier
Jar Jar Binks
10:25 Feudal Age
14:46 Castle Age
13:07 Double-Bit Axe
13:30 Horse Collar
15:51 Bow Saw
16:51 Heavy Plow
16:40 Loom
23:34 Scale Mail Armor
23:45 Forging
24:47 Chain Mail Armor
25:44 Wheelbarrow
25:05 Gold Mining
24:56 Man-at-Arms
26:41 Gold Shaft Mining
25:40 Long Swordsman
26:22 Squires
27:00 Iron Casting
26:02 Pikeman
27:51 Hand Cart
28:18 Stone Mining
32:58 Imperial Age
30:21 Town Watch
33:14 Legionary
33:39 Halberdier
carlos__federico
11:40 Feudal Age
15:19 Castle Age
13:27 Horse Collar
14:47 Double-Bit Axe
20:35 Loom
21:17 Bloodlines
21:49 Scale Barding Armor
24:31 Forging
27:08 Chain Barding Armor
28:56 Gold Mining
28:57 Stone Mining
29:18 Bow Saw
29:23 Heavy Plow
35:10 Imperial Age
33:40 Wheelbarrow
32:51 Town Watch
33:02 Fletching
33:12 Padded Archer Armor
33:50 Murder Holes
34:16 Ballistics
34:56 Gold Shaft Mining
34:19 Bodkin Arrow
35:00 Iron Casting
35:15 Husbandry
34:36 Light Cavalry
35:15 Cavalier
36:32 Plate Barding Armor
36:16 Leather Archer Armor
36:02 Bracer
36:04 Scale Mail Armor
[H A R D] AF
1:18 Loom
11:57 Feudal Age
15:27 Castle Age
14:20 Double-Bit Axe
14:18 Horse Collar
16:44 Bow Saw
17:35 Town Watch
18:22 Stone Mining
18:23 Gold Mining
23:50 Ballistics
35:28 Heavy Plow
[H A R D] est
10:15 Loom
12:18 Feudal Age
16:49 Castle Age
14:48 Stone Mining
15:22 Double-Bit Axe
15:19 Horse Collar
18:15 Bow Saw
21:23 Heavy Plow
22:40 Gold Mining
26:00 Wheelbarrow
26:35 Fletching
30:37 Imperial Age
29:04 Forging
28:53 Bodkin Arrow
28:58 Padded Archer Armor
31:34 Yeomen
31:59 Bracer
32:39 Ballistics
33:20 Chemistry
33:37 Conscription
35:43 Crossbowman
36:42 Leather Archer Armor
[H A R D] FEELINGS
9:53 Loom
11:40 Feudal Age
16:20 Castle Age
15:27 Double-Bit Axe
15:25 Horse Collar
17:29 Bow Saw
17:20 Heavy Plow
19:41 Gold Mining
22:36 Wheelbarrow
23:00 Stone Mining
23:48 Gold Shaft Mining
24:34 Hand Cart
30:19 Imperial Age
28:43 Bloodlines
28:33 Husbandry
30:07 Grand Trunk Road
30:26 Scale Barding Armor
30:45 Forging
31:33 Conscription
31:44 Fletching
32:53 Chain Barding Armor
32:29 Bodkin Arrow
33:11 Iron Casting
34:30 Plate Barding Armor
36:27 Padded Archer Armor
35:53 Elite Skirmisher
36:38 Thumb Ring
[H A R D] wiealtesBROT
7:19 Loom
13:15 Feudal Age
14:28 Double-Bit Axe
16:50 Castle Age
15:53 Horse Collar
18:07 Bow Saw
17:58 Heavy Plow
25:56 Wheelbarrow
29:06 Imperial Age
26:34 Treadmill Crane
27:15 Fortified Wall
27:51 Scale Barding Armor
27:50 Scale Mail Armor
29:35 Chemistry
29:15 Hand Cart
29:30 Chain Mail Armor
30:05 Forging
31:44 Two-Man Saw
30:51 Pikeman
31:33 Squires
31:18 Arson
32:05 Plate Mail Armor
32:10 Iron Casting
31:44 Halberdier
32:58 Siege Engineers
34:15 Iron Casting
33:30 Fletching
34:16 Coinage
34:52 Houfnice
36:10 Banking
36:58 Blast Furnace
Connection lost

Rejoining the realm…

Still unreachable

The connection could not be restored.

Session expired

The server has moved on; the page needs a fresh start.